 Dungeon Crawl Stone Soup version 0.30-a0-937-ga0a21ad780 (webtiles) character file.

Game seed: 9265155906597061137

7 bande the Trooper (level 2, -3/19 HPs)
             Began as a Gargoyle Fighter on Mar 25, 2023.
             Slain by Sigmund
             ... wielding a +0 scythe
              (8 damage)
             ... on level 2 of the Dungeon.
             The game lasted 00:01:11 (1241 turns).

bande the Trooper (Gargoyle Fighter)                Turns: 1241, Time: 00:01:12

Health: -3/19      AC: 15    Str: 19    XL:     2   Next: 0%
Magic:  2/2        EV:  5    Int:  8    God:
Gold:   37         SH:  0    Dex:  9    Spells: 1/1 levels left

rFire   . . .      SeeInvis .    a - +0 war axe
rCold   . . .      Faith    .    c - +0 buckler
rNeg    + . .      Spirit   .    h - +0 plate armour
rPois   ∞          Reflect  .    (no helmet)
rElec   +          Rampage  .    g - +0 cloak
rCorr   .                        (no gloves)
Will    .....                    (no boots) Stlth
                                 (no amulet)
HPRegen 0.23/turn                (no ring)
MPRegen 0.08/turn                (no ring)

@: confused, mighty, flying, hasted, very quick
A: sickness immunity, AC +2, negative energy resistance 1, electricity
resistance, torment resistance 1, petrification resistance
a: no special abilities


You were on level 2 of the Dungeon.
You visited 1 branch of the dungeon, and saw 2 of its levels.

You collected 37 gold pieces.

Inventory:

Hand Weapons
 a - a +0 war axe (weapon)
Armour
 c - a +0 buckler (worn)
 g - a +0 cloak (worn)
 h - a +0 plate armour (worn)
Jewellery
 e - an amulet of the acrobat
Scrolls
 i - a scroll of poison {unknown}
 j - 2 scrolls of identify {unknown}
 k - a scroll of enchant armour {unknown}
 l - a scroll of enchant weapon {unknown}
 m - a scroll of fog {unknown}
 n - a scroll of teleportation {unknown}
 o - a scroll of vulnerability {unknown}


   Skills:
 + Level 3.4 Fighting
 + Level 1.8 Axes
 + Level 3.4 Armour
 + Level 3.4 Shields


You had one spell level left.
You didn't know any spells.
Your spell library was empty.

Dungeon Overview and Level Annotations

Branches:
Dungeon (2/15)

Altars:

Annotations:
D:2 Sigmund


Innate Abilities, Weirdness & Mutations

You are immune to sickness and miasma.
Your stone body is resilient. (AC +2)
You are immune to poison.
You resist negative energy. (rN+)
You are resistant to electric shocks. (rElec)
You are resistant to unholy torment.
You are immune to petrification.


Message History

No target in view!
No target in view!
Found a whip.
Found 5 stones.
You see here 5 stones.
o - a scroll labelled LAREAQ XIHESAS
There is a fountain of clear blue water here.
There is a stone staircase leading down here.
Sigmund the Dreaded comes into view.
He is wielding a +0 scythe.
Sigmund shouts!
Sigmund breathes a few words.
Sigmund's hands start flickering wildly.
Sigmund hits you from afar with a +0 scythe!
You hit Sigmund.
Sigmund is lightly wounded.
Sigmund hits you with a +0 scythe!
* * * LOW HITPOINT WARNING * * *
You are too injured to fight recklessly!
You are too injured to fight recklessly!
You are too injured to fight recklessly!
You are too injured to fight recklessly!
You are too injured to fight recklessly!
You are too injured to fight recklessly!
You are too injured to fight recklessly!
You are too injured to fight recklessly!
It was a potion of haste.
You feel yourself speed up. Sigmund gestures at you while chanting.
You are confused.
It was a potion of flight.
You feel very buoyant.
You fly up into the air.
Sigmund barely misses you.
You feel very mighty all of a sudden.
Sigmund's eyes start glowing with a red light.
Sigmund gestures at you while chanting. The puff of flame misses you.
You barely miss Sigmund.
Sigmund is lightly wounded.
Sigmund hits you but does no damage.
You bump into the rock wall.
Sigmund hits you with a +0 scythe!
You die...

..# ##.<. #.#
##.... #.##
#..### #..###.##
###.......# #
####...#####.###
##....### ###>...
#.###..####
#.....# #...@@##
##.###.. ###...#
#....... #....#
###..###..
##...#####...##
#.. ##.........##
#..
##.###....#######
.##...#........
#.....##########
....#. #


You could see Sigmund.

Vanquished Creatures
  A dart slug (D:1)
  A ball python (D:1)
  2 bats (D:1)
  A frilled lizard (D:1)
  A rat (D:1)
6 creatures vanquished.

Notes
Turn   | Place    | Note
-------+----------+-------------------------------------------
     0 | D:1      | bande the Gargoyle Fighter began the quest for the Orb.
     0 | D:1      | Reached XP level 1. HP: 14/14 MP: 1/1
    63 | D:1      | Found a faded altar of an unknown god.
   628 | D:1      | Reached XP level 2. HP: 19/19 MP: 2/2
  1229 | D:2      | Noticed Sigmund
  1241 | D:2      | Slain by Sigmund

Illustrated notes

Levels and vault maps discovered:
D:1:      tarquinn_simple_flora_water_a, layout_basic, basic_ecumenical_altar
D:2:      layout_rooms, serial_corexii_hall, corexii_hall_statues_t,
          chequers_hall_statues_corner_a, uniq_sigmund

Action                     || total
---------------------------++-------
  Melee: War axe           ||    13
    Use: Potion            ||     3
 Armour: Plate armour      ||     7
         Scale mail        ||     3
  Dodge: Dodged            ||     6
  Block: Buckler           ||     1

Table legend: (Time is in decaauts)
 A = Elapsed time spent in this place.
 B = Non-inter-level travel time spent in this place.
 C = Inter-level travel time spent in this place.
 D = Time resting spent in this place.
 E = Time spent auto-exploring this place.
 F = Levels seen in this place.
 G = Mean time per level.
                   A        B        C        D        E       F      G
               +--------+--------+--------+--------+--------+-----+--------+
         Total |   1244 |   1218 |     26 |      0 |   1100 |   2 |  622.0 |
       Dungeon |   1244 |   1218 |     26 |      0 |   1100 |   2 |  622.0 |
               +--------+--------+--------+--------+--------+-----+--------+

Top non-repeatable levels by time:
     D:1: 963 daAuts
     D:2: 281 daAuts
